[Event "Turkey IS Bank Super League 2017"]
[Site "Darica-Kocaeli"]
[Date "2017.08.05"]
[Round "12"]
[White "Daulyte, Deimante"]
[Black "Isgandarova, Khayala"]
[Result "1-0"]
[ECO "C14"]
[WhiteElo "2404"]
[BlackElo "2257"]
[Annotator "RC"]
[PlyCount "77"]
[EventType "team-tourn"]
[EventCountry "TUR"]
[SourceTitle "playchess.com"]
[Source "ChessBase"]
[SourceQuality "1"]
[TimeControl "40/5400+30:1800+30"]

1. e4 e6 2. d4 d5 3. Nc3 Nf6 4. Bg5 Be7 5. e5 Nfd7 6. Bxe7 Qxe7 7. f4 a6 8. Nf3 c5 9. Qd2 Nc6 10. dxc5 Qxc5 11. Bd3 b5 12. a3 Nb6 13. b4 Qe7 14. Qf2 Rb8 15. O-O Nc4 16. Ne2 Bd7 17. Ned4 Nxd4 18. Nxd4 O-O 19. Qg3 f5 20. Qf2 a5 21. c3 a4 22. Bxc4 dxc4 23. Rad1 Rfc8 24. Rd2 Rc7 25. Rfd1 h6 26. h3 Kh7 27. Kh2 Rf8 28. Qe3 Be8 29. Kg1 Kh8 30. Qf2 Kh7 31. Kf1 g5 32. Qe3 g4 33. hxg4 fxg4 34. Kg1 Rd7 35. g3 Qf7 36. f5 exf5 37. e6 Qe7 38. Nxf5 Qf6 39. exd7 1-0

[Event "Turkey IS Bank Super League 2017"]
[Site "Darica-Kocaeli"]
[Date "2017.08.05"]
[Round "12"]
[White "Ozen, Deniz"]
[Black "Ererdem, Gani Eren"]
[Result "1-0"]
[ECO "B51"]
[WhiteElo "2351"]
[BlackElo "2090"]
[Annotator "ChessBase"]
[PlyCount "115"]
[EventType "team-tourn"]
[EventCountry "TUR"]
[SourceTitle "playchess.com"]
[Source "ChessBase"]
[SourceQuality "1"]
[TimeControl "40/5400+30:1800+30"]

1. e4 c5 2. Nf3 d6 3. Bb5+ Nd7 4. O-O a6 5. Bd3 Ngf6 6. c3 b5 7. Bc2 Bb7 8. Re1 Rc8 9. d3 e5 10. Nbd2 Be7 11. Nf1 O-O 12. Ng3 Re8 13. Nf5 Bf8 14. Bg5 h6 15. Bh4 Qc7 16. Rc1 g6 17. Ne3 Bg7 18. Bb3 Nb6 19. a4 bxa4 20. Bxa4 Nxa4 21. Qxa4 Nd7 22. Qc2 Nb6 23. Qd2 Re6 24. c4 f5 25. exf5 gxf5 26. Nxf5 Rf8 27. Nxg7 Qxg7 28. Bg3 Bxf3 29. gxf3 Nd7 30. Ra1 Nb8 31. f4 Rxf4 32. Re4 Rxe4 33. dxe4 Qf7 34. Qd5 Kh7 35. Ra3 Rf6 36. Rb3 Qxd5 37. exd5 Nd7 38. Rb7 Rf7 39. Ra7 Kg7 40. Rxa6 Rf6 41. Bh4 Rg6+ 42. Kf1 Kf7 43. Ra7 Ke8 44. Ra8+ Kf7 45. Rd8 Nf8 46. b3 Rg4 47. Bg3 Ke7 48. Rb8 h5 49. f3 Rd4 50. Ke2 Ng6 51. Rb7+ Kf6 52. Rd7 h4 53. Rxd6+ Kf5 54. Rxg6 hxg3 55. Rxg3 Rh4 56. Rg2 Rh3 57. Ke3 Rh8 58. Rd2 1-0

[Event "Turkey IS Bank Super League 2017"]
[Site "Darica-Kocaeli"]
[Date "2017.08.05"]
[Round "12"]
[White "Unuk, Laura"]
[Black "Karavade, Eesha"]
[Result "0-1"]
[ECO "D48"]
[WhiteElo "2343"]
[BlackElo "2397"]
[Annotator "NA"]
[PlyCount "66"]
[EventType "team-tourn"]
[EventCountry "TUR"]
[SourceTitle "playchess.com"]
[Source "ChessBase"]
[SourceQuality "1"]
[TimeControl "40/5400+30:1800+30"]

1. d4 d5 2. c4 c6 3. e3 Nf6 4. Nc3 e6 5. Nf3 Nbd7 6. Bd3 dxc4 7. Bxc4 b5 8. Bd3 Bb7 9. O-O a6 10. a4 b4 11. Nb1 c5 12. Nbd2 Be7 13. e4 {[%emt 0:15:30] D48: Semi-Slav: Meran System: 7...b5 8 Bd3 a6} (13. Re1 O-O 14. Qe2 a5 15. e4 cxd4 16. e5 Nd5 17. Nb3 Rc8 18. h4 Re8 19. Qe4 Nf8 20. Nbxd4 Ra8 21. Nb3 Rc8 22. Nbd4 Ba8 23. Qg4 f5 24. exf6 Nxf6 {½-½ (24) Peralta,F (2565)-Korneev,O (2594) La Roda 2017}) 13... cxd4 14. e5 $1 Nd5 15. Ne4 $146 (15. Re1 $11 {keeps the balance.}) ({Predecessor:} 15. Nc4 Nc5 16. Bb1 d3 17. Ne1 Qc7 18. Nxd3 O-O 19. Nxc5 Qxc5 20. Qg4 Rfc8 {½-½ (41) Deak,F (2210)-Forgo,E (2295) Hungary 1998}) 15... Qb8 16. Bg5 Nxe5 17. Nxe5 Qxe5 18. f4 Qb8 19. f5 exf5 20. Rxf5 {[%emt 0:03:30] [#]} Ne3 ({Better is} 20... g6 $1 $17 21. Rf2 Bxg5 22. Nxg5 Ne3 23. Bb5+ axb5 24. Qxd4 O-O 25. Qxe3 bxa4 26. Nxf7 Qe8 27. Qxe8 Rfxe8) 21. Bxe3 dxe3 22. Qb3 O-O 23. Rxf7 Rxf7 24. Rf1 Kh8 25. Rxf7 $19 Qe5 26. Ng3 Bc5 27. Kf1 Bd5 28. Bc4 Bxf7 29. Bxf7 Qf4+ 30. Ke2 Qf2+ 31. Kd3 Rd8+ 32. Bd5 Qd2+ 33. Ke4 Qd4+ 0-1

[Event "Turkey IS Bank Super League 2017"]
[Site "Darica-Kocaeli"]
[Date "2017.08.05"]
[Round "12"]
[White "Secer, Ata"]
[Black "Apaydin, Fethi"]
[Result "1/2-1/2"]
[ECO "B30"]
[WhiteElo "2301"]
[BlackElo "2277"]
[Annotator "ChessBase"]
[PlyCount "167"]
[EventType "team-tourn"]
[EventCountry "TUR"]
[SourceTitle "playchess.com"]
[Source "ChessBase"]
[SourceQuality "1"]
[TimeControl "40/5400+30:1800+30"]

1. e4 c5 2. Nf3 Nc6 3. Bb5 e6 4. O-O Nge7 5. Re1 Nd4 6. Nxd4 cxd4 7. c3 a6 8. Bf1 Nc6 9. d3 Bc5 10. cxd4 Nxd4 11. Nc3 O-O 12. Be3 e5 13. Rc1 d6 14. Kh1 Be6 15. g3 b5 16. Bg2 b4 17. Ne2 Nxe2 18. Qxe2 Bxe3 19. Qxe3 Bxa2 20. Rc6 a5 21. Ra1 b3 22. Qd2 Qb8 23. Rac1 a4 24. Bh3 a3 25. Kg2 axb2 26. Qxb2 Qb4 27. R1c4 Qa3 28. Qxa3 Rxa3 29. Rb4 Rd8 30. Rxd6 Raa8 31. Rxd8+ Rxd8 32. Bd7 Kf8 33. Bc6 Rxd3 34. Bd5 f6 35. Rb7 Rd4 36. Rb8+ Ke7 37. Rb7+ Kd6 38. Bxb3 Kc6 39. Rb8 Kc7 40. Rb5 Bxb3 41. Rxb3 Rxe4 42. h4 Rd4 43. Ra3 Rd7 44. Ra6 Kd8 45. Kf3 Ke7 46. Ke3 Kf7 47. Rb6 Kg6 48. Kf3 Kf5 49. Rb5 Rd3+ 50. Kg2 h6 51. Rb7 g6 52. Rb6 Rd2 53. Ra6 e4 54. Kf1 g5 55. hxg5 hxg5 56. Kg1 Ke5 57. Rb6 Rd6 58. Rb8 Kf5 59. Rb4 Re6 60. Kg2 Re5 61. Rb6 Re6 62. Rb5+ Re5 63. Rb6 Ra5 64. Rc6 Ke5 65. Rb6 Rd5 66. Ra6 Rd6 67. Ra5+ Ke6 68. Ra8 Kf7 69. Kf1 Rb6 70. Ra4 Re6 71. Ke2 f5 72. Ke3 Kf6 73. f3 exf3+ 74. Kxf3 Rb6 75. Ra5 Rb3+ 76. Kf2 Rb2+ 77. Kg1 Rd2 78. Ra8 Ke5 79. Rg8 g4 80. Rf8 Ke4 81. Rf7 Kf3 82. Rxf5+ Kxg3 83. Rf1 Kh3 84. Ra1 1/2-1/2

[Event "Turkey IS Bank Super League 2017"]
[Site "Darica-Kocaeli"]
[Date "2017.08.05"]
[Round "12"]
[White "Agdelen, Huseyin Can"]
[Black "Kerigan, Demre"]
[Result "1-0"]
[ECO "B48"]
[WhiteElo "2277"]
[BlackElo "2354"]
[Annotator "NA"]
[PlyCount "95"]
[EventType "team-tourn"]
[EventCountry "TUR"]
[SourceTitle "playchess.com"]
[Source "ChessBase"]
[SourceQuality "1"]
[TimeControl "40/5400+30:1800+30"]

1. e4 c5 2. Nf3 e6 3. d4 cxd4 4. Nxd4 Nc6 5. Nc3 Qc7 6. Be3 a6 7. Qf3 {[%emt 0:02:30] B48: Sicilian: Taimanov: 5 Nc3 Qc7 6 Be3 a6 without Be2} Bd6 8. O-O-O Be5 9. g3 b5 10. Qe2 Bb7 {[%emt 0:07:30] LiveBook: 5 Games} 11. f4 Bxd4 12. Bxd4 Nxd4 13. Rxd4 Ne7 {[%emt 0:06:30] [#]} 14. Bh3 $146 ({Predecessor:} 14. Bg2 O-O {1-0 (33) Najer,E (2683)-Goormachtigh,J (2184) Novi Sad 2016}) 14... O-O 15. Rhd1 Bc6 16. e5 Qa5 17. Kb1 b4 18. Ne4 Bd5 19. b3 (19. c4 $5 bxc3 20. Nxc3 $11) 19... Bxe4 20. Qxe4 Nd5 21. Rxd5 exd5 22. Rxd5 Qb6 23. Qd4 (23. Bxd7 $16 Qg1+ 24. Kb2) 23... Qxd4 24. Rxd4 a5 25. Bxd7 Rfd8 26. f5 Kf8 27. e6 Ke7 28. Kb2 fxe6 29. fxe6 Rf8 30. a3 bxa3+ 31. Kxa3 Rf5 32. c4 Ra7 33. g4 Rf1 34. c5 a4 35. Rxa4 Ra1+ 36. Kb4 R7xa4+ 37. bxa4 Ra2 38. a5 Rb2+ 39. Ka3 Rc2 40. a6 Rxc5 41. Kb4 Rc7 42. Ka5 Kd6 43. Kb6 Rc2 44. a7 Ra2 45. Bb5 $18 g5 46. e7 Kxe7 47. Ba6 Rb2+ 48. Kc5 1-0

[Event "Turkey IS Bank Super League 2017"]
[Site "Darica-Kocaeli"]
[Date "2017.08.05"]
[Round "12"]
[White "Tuncer, Tuna"]
[Black "Unat, Can Haktan"]
[Result "1-0"]
[ECO "B46"]
[WhiteElo "2274"]
[BlackElo "2006"]
[Annotator "NA"]
[PlyCount "107"]
[EventType "team-tourn"]
[EventCountry "TUR"]
[SourceTitle "playchess.com"]
[Source "ChessBase"]
[SourceQuality "1"]
[TimeControl "40/5400+30:1800+30"]

1. e4 c5 2. Nf3 e6 3. d4 cxd4 4. Nxd4 Nc6 5. Nc3 Qc7 6. f4 a6 7. Nxc6 bxc6 8. Bd3 d5 9. O-O Nf6 10. Qe2 Be7 11. b3 Bb7 12. Bb2 O-O 13. Rae1 {[%emt 0:01:30] [#] B46: Sicilian: Taimanov: 5 Nc3 a6} Rad8 $146 ({Find the theoretical novelty and annotate with similar games:} 13... Rfe8 14. Rf3 c5 15. Kh1 g6 16. e5 Nd7 17. Rh3 Bf8 18. Nd1 c4 19. bxc4 dxc4 20. Bxc4 Nc5 21. Ne3 h5 {½-½ (29) Pichot,A (2544)-Bosiocic,M (2591) Doha 2016}) 14. Kh1 a5 {[%emt 0:11:30] [#]} (14... d4 $11 {remains equal.} 15. Na4 Bb4) 15. Qf3 ({White should play} 15. exd5 $1 $16 cxd5 16. f5) 15... d4 16. Nb1 c5 (16... a4 $5) 17. a4 Ne8 18. Qh3 f6 19. Bc4 Nd6 20. Bxe6+ Kh8 21. Nd2 Rde8 22. Bc1 Bc8 23. Bxc8 Nxc8 24. Qd3 Na7 25. Nc4 Nc6 26. Bd2 Bd6 27. Re2 Qd8 28. Rfe1 Bc7 29. Qf3 d3 30. Qxd3 Qxd3 31. cxd3 Nd4 32. Rf2 Nxb3 33. Bc3 Rb8 34. g3 Rfd8 35. Rd1 Kg8 36. Rb2 Rb7 37. Kg2 Rdb8 38. Rdb1 Kf8 39. Kf2 Ke8 40. Ke3 Kd7 41. Nd2 Nxd2 42. Kxd2 Rxb2+ 43. Rxb2 Rxb2+ 44. Bxb2 Bd8 45. Kc3 Kc6 46. Kc4 Bc7 47. Bc1 h6 48. Bd2 Bd8 49. g4 Bb6 50. h4 Bd8 51. h5 Bc7 52. g5 hxg5 53. fxg5 $18 Be5 54. g6 1-0

[Event "Turkey IS Bank Super League 2017"]
[Site "Darica-Kocaeli"]
[Date "2017.08.05"]
[Round "12"]
[White "Demircioglu, Emre"]
[Black "Selbes, Tarik"]
[Result "0-1"]
[ECO "E73"]
[WhiteElo "2265"]
[BlackElo "2297"]
[Annotator "NA"]
[PlyCount "70"]
[EventType "team-tourn"]
[EventCountry "TUR"]
[SourceTitle "playchess.com"]
[Source "ChessBase"]
[SourceQuality "1"]
[TimeControl "40/5400+30:1800+30"]

1. d4 Nf6 2. c4 g6 3. Nc3 Bg7 4. e4 O-O 5. Be2 d6 6. Bg5 h6 7. Be3 e5 8. d5 Na6 9. Nf3 {[%emt 0:08:30] E73: King's Indian: Averbakh Variation without 6...c5} (9. Qd2 Nc5 10. f3 Kh7 11. O-O-O a5 12. g4 h5 13. h3 a4 14. Bf1 Ng8 15. gxh5 gxh5 16. h4 Bh6 17. Nh3 Bxe3 18. Qxe3 {½-½ (49) Cruz,C (2565)-Cori Tello,J (2612) Lima 2017}) 9... Ng4 10. Bc1 f5 11. exf5 gxf5 12. g3 e4 13. Nh4 Nc5 $146 ({Predecessor:} 13... Bxc3+ 14. bxc3 Qf6 15. O-O Qxc3 16. Rb1 Qg7 17. Bb2 Ne5 18. Kh1 Nc5 {½-½ (18) Brinkmann,W (2125)-Eberl,H ICCF email 2002}) 14. Ng6 Re8 15. h3 Qf6 16. Nf4 Ne5 17. Kf1 Bd7 18. Be3 Ncd3 19. Nxd3 ({Better is} 19. Bxd3 $11 exd3 20. Nh5) 19... exd3 (19... Nxc4 $11 {remains equal.} 20. Bc1 exd3 21. Qxd3 b5) 20. Bxd3 Nxd3 21. Qxd3 f4 22. Bxf4 Bf5 23. Qd2 Qg6 24. Kg2 Bd3 25. Rhd1 Bxc4 26. Rac1 Re7 27. b3 Ba6 28. Be3 Rf8 29. Bd4 ({Not} 29. Bxa7 b6 $17) 29... Qf5 30. f4 (30. Re1 $14 Qf3+ 31. Kg1 Bxd4 32. Qxd4) 30... Rfe8 $1 31. Bxg7 Re2+ $1 32. Nxe2 Rxe2+ 33. Qxe2 Bxe2 34. Re1 $2 (34. Rd4 Kxg7 35. g4) 34... Qe4+ 35. Kh2 Kxg7 $19 0-1

[Event "Turkey IS Bank Super League 2017"]
[Site "Darica-Kocaeli"]
[Date "2017.08.05"]
[Round "12"]
[White "Samani, Yamac"]
[Black "Tirak, Mert"]
[Result "1-0"]
[ECO "B08"]
[WhiteElo "2263"]
[BlackElo "1909"]
[Annotator "ChessBase"]
[PlyCount "81"]
[EventType "team-tourn"]
[EventCountry "TUR"]
[SourceTitle "playchess.com"]
[Source "ChessBase"]
[SourceQuality "1"]
[TimeControl "40/5400+30:1800+30"]

1. e4 d6 2. d4 Nf6 3. Nc3 g6 4. Nf3 Bg7 5. h3 O-O 6. Be3 b6 7. Bd3 Bb7 8. O-O Nbd7 9. Qd2 Re8 10. a4 a6 11. Rfe1 c5 12. d5 Qc7 13. Bc4 Ne5 14. Nxe5 dxe5 15. Rf1 Nh5 16. Rad1 Rad8 17. Qe2 Nf4 18. Qf3 Bc8 19. Ne2 Nh5 20. Qxf7+ Kxf7 21. d6+ Be6 22. dxc7 Rxd1 23. Bxe6+ Kxe6 24. Rxd1 Rc8 25. Rd8 Rxc7 26. Ra8 a5 27. Nc3 Nf6 28. Bg5 c4 29. Bxf6 exf6 30. Rb8 Rc6 31. Nd5 Kd6 32. Rb7 Bh6 33. Rxh7 Bc1 34. b3 cxb3 35. cxb3 f5 36. Rb7 fxe4 37. Nxb6 e3 38. Kf1 exf2 39. Nc4+ Kd5 40. Kxf2 Rc5 41. Rd7+ 1-0

[Event "Turkey IS Bank Super League 2017"]
[Site "Darica-Kocaeli"]
[Date "2017.08.05"]
[Round "12"]
[White "Yaran, Siar"]
[Black "Gundogan, Cem"]
[Result "1-0"]
[ECO "C01"]
[WhiteElo "2253"]
[BlackElo "2062"]
[Annotator "NA"]
[PlyCount "57"]
[EventType "team-tourn"]
[EventCountry "TUR"]
[SourceTitle "playchess.com"]
[Source "ChessBase"]
[SourceQuality "1"]
[TimeControl "40/5400+30:1800+30"]

1. e4 e6 2. d4 d5 3. exd5 exd5 4. c4 Nf6 5. Nc3 Be7 6. Bd3 Nc6 7. cxd5 {[%emt 0:05:00] C01: French: Exchange Variation} Nb4 (7... Nxd5 8. Nge2 Be6 9. O-O O-O 10. a3 Re8 11. Bc2 Bf8 12. Qd3 g6 13. Ng3 Bg7 14. Nce2 Nce7 {0-1 (53) Safarli,E (2660)-Nguyen,N (2625) Khanty-Mansiysk 2013}) 8. Bb1 Nbxd5 9. Nge2 c6 10. O-O Bg4 $146 ({Predecessor:} 10... Bd6 11. Ng3 O-O 12. Bg5 Qc7 13. Qd3 g6 14. a3 Be6 {1-0 (40) Kouvatsou,M (2218)-Brescher,W (2005) Ikaros 2002}) 11. Qd3 Qc7 12. Bg5 O-O-O 13. a3 h6 14. Bh4 Nf4 ({Black should play} 14... Bd6 $17 15. Bxf6 Nxf6) 15. Nxf4 Qxf4 16. Nb5 cxb5 17. Bg3 Qg5 18. h4 $1 Qh5 19. Rc1+ $1 Kd7 20. Rc7+ Ke8 21. Ba2 $1 Be6 $11 22. Re1 Nd5 23. Qxb5+ Kf8 24. Rxb7 Nf6 25. d5 Bd7 26. d6 Bxb5 27. dxe7+ Ke8 28. Bxf7+ Qxf7 29. exd8=N+ 1-0

[Event "Turkey IS Bank Super League 2017"]
[Site "Darica-Kocaeli"]
[Date "2017.08.05"]
[Round "12"]
[White "Goksel, Doga Cihan"]
[Black "Buyukasik, Diyap"]
[Result "1/2-1/2"]
[ECO "E11"]
[WhiteElo "2247"]
[BlackElo "2285"]
[Annotator "NA"]
[PlyCount "61"]
[EventType "team-tourn"]
[EventCountry "TUR"]
[SourceTitle "playchess.com"]
[Source "ChessBase"]
[SourceQuality "1"]
[TimeControl "40/5400+30:1800+30"]

1. Nf3 Nf6 2. d4 e6 3. c4 Bb4+ 4. Nbd2 O-O 5. a3 Be7 6. e4 d5 7. e5 Nfd7 8. cxd5 exd5 9. Bd3 {[%emt 0:00:00] LiveBook: 54 Games} c5 10. dxc5 {[%emt 0:01:00] E11: Bogo-Indian} Nc6 11. O-O $1 Nxc5 12. Bc2 $146 ({Find the theoretical novelty and annotate with similar games:} 12. Bb1 Bg4 13. Qc2 g6 14. b4 Ne6 15. Bb2 Qb6 16. h3 Bxf3 17. Nxf3 a5 18. bxa5 Nxa5 {0-1 (45) Temirbayev,S (2490)-Bocharov,D (2577) Salekhard 2006}) 12... Bg4 13. h3 Bh5 $1 14. b4 Ne6 $1 15. Re1 Rc8 16. Bb2 (16. Nb3 $11) 16... Re8 ({Black should try} 16... Ncd4 $15 17. Bxd4 Nxd4) 17. Rc1 ({White should try} 17. Qb1 $11) 17... Ncd4 18. Bd3 (18. Bxd4 $11 Nxd4 19. Ba4) 18... Qb6 (18... Rxc1 $17 19. Bxc1 Bg5) 19. g4 (19. Bxd4 $14 Nxd4 20. g4) 19... Bg6 (19... Rxc1 $11 20. Qxc1 Nxf3+ 21. Nxf3 Bg6 22. Bxg6 hxg6) 20. Bxg6 (20. Bxd4 $5 Nxd4 21. Bxg6 hxg6 22. Nxd4 Qxd4 23. Nf3 Qxd1 24. Rcxd1 $14) 20... hxg6 21. Nxd4 Nxd4 22. Nf3 Ne6 23. Qd2 Rc4 24. Rxc4 (24. Qxd5 $11 Rf4 25. Rc2) 24... dxc4 25. Qe3 Qxe3 26. Rxe3 b5 27. Nd4 Nxd4 28. Bxd4 a6 29. Re4 (29. f4 $15) 29... Rc8 30. Bc3 Kf8 31. Kf1 $17 1/2-1/2

[Event "Turkey IS Bank Super League 2017"]
[Site "Darica-Kocaeli"]
[Date "2017.08.05"]
[Round "12"]
[White "Uzumcu, Ahmet Utku"]
[Black "Ozen, Bahadir"]
[Result "0-1"]
[ECO "B06"]
[WhiteElo "2223"]
[BlackElo "2315"]
[Annotator "NA"]
[PlyCount "166"]
[EventType "team-tourn"]
[EventCountry "TUR"]
[SourceTitle "playchess.com"]
[Source "ChessBase"]
[SourceQuality "1"]
[TimeControl "40/5400+30:1800+30"]

1. e4 g6 2. d4 Bg7 3. Nc3 d6 4. f4 e6 {[%emt 0:01:30] B06: Modern Defence} (4... Nf6 5. Nf3 c5 6. Bb5+ Nc6 7. e5 Nd7 8. d5 Nd4 9. Nxd4 cxd4 10. Qxd4 O-O 11. Bxd7 Qxd7 12. O-O Qf5 13. Qd1 dxe5 14. fxe5 Qxe5 {0-1 (54) Wei,Y (2707)-Rapport,R (2717) Yancheng 2016}) 5. Be2 Ne7 6. Nf3 Nd7 7. Be3 a6 8. a4 b6 9. O-O Bb7 10. Nd2 O-O 11. Bf3 d5 12. e5 Nf5 13. Bf2 {[%emt 0:04:30] [#]} f6 $146 ({Predecessor:} 13... c5 14. Ne2 Qc7 {0-1 (30) Yrjola,J (2460)-Sturua,Z (2545) Helsinki 1992}) 14. g4 Nxd4 15. Bxd4 fxe5 16. fxe5 c5 {[%emt 0:01:00] [#]} 17. Bf2 $1 Nxe5 18. Bg2 Qg5 19. h3 h5 {[%emt 0:04:30] [#]} 20. gxh5 $1 Bh6 21. Qe2 Rf5 22. Rad1 gxh5 23. Kh1 Raf8 24. Bg1 Kh7 25. Rxf5 Rxf5 26. Bh2 Ng6 27. Nf3 Qf6 28. Re1 Bg7 29. Qxe6 Rxf3 30. Qxf6 Rxf6 31. Nxd5 Rf2 32. Nf6+ Bxf6 33. Bxb7 Kh6 34. Re6 Kg5 35. Be4 Nh4 36. Bg3 Rf1+ 37. Kh2 Bd4 38. Bxh4+ Kxh4 39. Rg6 Rf2+ 40. Rg2 Rf4 41. Bd3 Bxb2 42. Bxa6 Rxa4 43. Bc8 Be5+ 44. Kg1 Ra8 45. Bd7 Rd8 46. Bf5 Rf8 47. Bd7 Rf7 48. Be6 Rf6 49. Bd7 Bd4+ 50. Kh2 Rd6 51. Bf5 Be5+ 52. Kg1 b5 53. Bc8 Rd8 54. Be6 Rd6 55. Bc8 Bd4+ 56. Kf1 Rd8 57. Be6 Rf8+ 58. Ke1 c4 59. Bd7 b4 60. Be6 Rf4 61. Kd1 Bc3 62. Bc8 Re4 63. Rg1 Re5 (63... Re7 $142 64. Bf5 Re5) 64. Rf1 Kg3 65. Ba6 Re4 66. Bb7 Re6 67. Rf3+ Kh2 68. Rf1 h4 69. Bc8 Re5 70. Ba6 b3 71. cxb3 cxb3 72. Bb7 Re3 73. Kc1 (73. Rh1+ $142 Kg3 74. Ba8) 73... Re2 (73... Kxh3 $142 74. Rh1+ Kg4 75. Bc8+ Kg5) 74. Bd5 $2 (74. Bc6) 74... Rc2+ 75. Kb1 Ra2 76. Rh1+ Kg3 77. Rg1+ Kxh3 78. Rh1+ Kg4 79. Rg1+ Kf4 80. Rf1+ Ke5 81. Bxb3 Ra1+ 82. Kc2 Rxf1 83. Kxc3 Rf3+ 0-1

[Event "Turkey IS Bank Super League 2017"]
[Site "Darica-Kocaeli"]
[Date "2017.08.05"]
[Round "12"]
[White "Tasdogen, Dincer"]
[Black "Kamer, Kayra"]
[Result "1/2-1/2"]
[ECO "B42"]
[WhiteElo "2215"]
[BlackElo "2062"]
[Annotator "NA"]
[PlyCount "111"]
[EventType "team-tourn"]
[EventCountry "TUR"]
[SourceTitle "playchess.com"]
[Source "ChessBase"]
[SourceQuality "1"]
[TimeControl "40/5400+30:1800+30"]

1. e4 c5 2. Nf3 e6 3. d4 cxd4 4. Nxd4 a6 5. Bd3 Bc5 6. Nb3 Be7 7. Qg4 g6 8. Qe2 Nc6 {[%emt 0:00:30] B42: Sicilian: Kan Variation: 5 Bd3} (8... d6 9. c4 Nc6 10. Nc3 Ne5 11. O-O Nf6 12. Bh6 Nfg4 13. Bg7 Rg8 14. Bxe5 Nxe5 15. f4 Nc6 16. Kh1 {½-½ (45) Bologan,V (2640)-Vitiugov,N (2726) Tallinn 2016}) 9. O-O Qc7 10. f4 $146 ({Predecessor:} 10. Kh1 d6 11. Na3 Bf6 12. Nc4 Nge7 13. Be3 b5 14. Nb6 Rb8 15. Nxc8 Rxc8 16. c4 bxc4 17. Bxc4 {1-0 (43) Borisek,J (2537)-Escobar Dominguez,D (2357) Burguillos 2008}) 10... Nf6 11. e5 Nh5 12. N1d2 d5 13. c4 dxc4 $2 ({Better is} 13... O-O $11) 14. Nxc4 b5 {[%emt 0:00:30] [#]} 15. Nd6+ $1 Bxd6 16. exd6 Qxd6 17. Be3 Bb7 18. Nc5 Nd4 19. Qf2 Qxc5 20. Bxd4 Qd5 21. Bxh8 Nxf4 22. Qg3 (22. Kh1 $16) 22... Nxd3 23. Kh1 (23. Bf6 $11) 23... f5 $1 24. Rad1 Rd8 25. h3 f4 26. Qg4 Nf2+ 27. Rxf2 Qxd1+ 28. Qxd1 Rxd1+ 29. Kh2 g5 30. h4 Rd5 31. Bf6 h6 32. Bg7 e5 33. hxg5 hxg5 34. Re2 Kf7 35. Bxe5 Kg6 36. Bc3 Rd3 37. Re7 Bd5 38. a3 Kf5 $17 (38... g4 $142 39. Re2 Kg5) 39. Re2 Kg4 40. Rd2 Be4 41. Rxd3 Bxd3 42. Kg1 Kf5 43. Kf2 Ke4 44. Bf6 g4 45. g3 f3 46. Bc3 Be2 47. Bg7 Kd3 48. Bc3 Kc2 49. Be5 a5 50. Bc3 b4 51. axb4 a4 52. Bf6 Kb3 53. Be5 Kxb4 54. Bc3+ Kc4 55. Bf6 Kb3 56. Be5 1/2-1/2

[Event "Turkey IS Bank Super League 2017"]
[Site "Darica-Kocaeli"]
[Date "2017.08.05"]
[Round "12"]
[White "Kesgin, Halit Kaan"]
[Black "Bozbey, Ali"]
[Result "1-0"]
[ECO "B40"]
[WhiteElo "2207"]
[BlackElo "2139"]
[Annotator "NA"]
[PlyCount "41"]
[EventType "team-tourn"]
[EventCountry "TUR"]
[SourceTitle "playchess.com"]
[Source "ChessBase"]
[SourceQuality "1"]
[TimeControl "40/5400+30:1800+30"]

1. e4 c5 2. Nf3 e6 3. g3 d5 4. exd5 exd5 5. d4 Nc6 {[%emt 0:01:30] B40: Sicilian: 2...e6, Unusual lines} 6. Bg2 Bg4 7. O-O Nxd4 {[%emt 0:06:30] LiveBook: 25 Games} 8. Qe1+ Ne6 9. Ne5 h5 $146 ({Predecessor:} 9... Bf5 10. c4 Nf6 11. cxd5 Nxd5 12. Nc3 Nxc3 13. bxc3 {0-1 (31) Wang,C (2485)-Lu,S (2562) China 2013}) 10. c4 Nf6 $2 {[%emt 0:09:30] [#]} (10... Be7 $16) 11. cxd5 $1 Nxd5 12. Qe4 Ndc7 13. Qxb7 ({Not} 13. Nxg4 hxg4 14. Re1 (14. Qxb7 Be7 $16) (14. Qxg4 Qd4 $16) 14... Be7 $16) ({But not} 13. f3 Bd6) (13. Qa4+ $18 b5 14. Bc6+ Ke7 15. Qe4) 13... Be7 14. Nc3 O-O $2 (14... Bf6 $16) 15. h3 Bf5 16. Nc6 $1 Qe8 17. Bf4 $18 Rc8 18. Qxc8 Qxc8 19. Nxe7+ Kh8 20. Nxc8 Nxf4 21. Nd6 1-0

[Event "Turkey IS Bank Super League 2017"]
[Site "Darica-Kocaeli"]
[Date "2017.08.05"]
[Round "12"]
[White "Sevgi, Volkan"]
[Black "Bayyurt, Izge"]
[Result "1-0"]
[ECO "C00"]
[WhiteElo "2199"]
[BlackElo "1839"]
[Annotator "NA"]
[PlyCount "99"]
[EventType "team-tourn"]
[EventCountry "TUR"]
[SourceTitle "playchess.com"]
[Source "ChessBase"]
[SourceQuality "1"]
[TimeControl "40/5400+30:1800+30"]

1. Nf3 d5 2. g3 Nf6 3. Bg2 c5 4. d3 Nc6 5. Nbd2 e6 6. e4 Be7 7. O-O O-O 8. Qe2 b6 9. e5 Nd7 10. Re1 Qc7 11. Nf1 Ba6 12. Bf4 Qb7 $146 {[%emt 0:03:30] C00: French: Unusual White 2nd moves} ({Predecessor:} 12... Rac8 13. c3 b5 14. h4 c4 15. d4 b4 16. h5 bxc3 17. bxc3 Rb8 18. h6 g6 19. N1h2 Qa5 20. Qe3 Rb2 21. Ng4 Rfb8 {1-0 (51) Annaberdiyev,B (2234)-Ertan,C (2238) Kocaeli 2015}) 13. c4 dxc4 14. dxc4 b5 15. Qe4 (15. Bg5 $5 Bd8 16. Qe4 $11) 15... Rfc8 16. b3 Rab8 17. Bg5 Nb6 {[%emt 0:01:30] [#]} (17... bxc4 $11 18. Ne3 cxb3 19. axb3 Bf8) 18. Ne3 (18. Qg4 $1 $16) 18... h6 {[%emt 0:07:30] [#]} (18... Bf8 $11) 19. Bxe7 (19. Bxh6 $1 $16 gxh6 20. Ng4) 19... Qxe7 20. Bf1 Bb7 21. Bd3 g6 22. Qf4 Nb4 23. Bb1 Bxf3 24. Qxf3 bxc4 25. bxc4 Nc6 26. Ng4 Kg7 27. Be4 h5 28. Qf6+ Qxf6 29. exf6+ Kf8 30. Bxc6 Rxc6 31. Ne5 Rd6 $16 32. Rab1 Rc8 33. Rb5 Rd4 34. Reb1 Ke8 35. a4 Nd7 36. f4 Nxe5 37. fxe5 Rc7 38. Rb8+ Kd7 39. R1b7 Kc6 40. Rxc7+ Kxc7 41. Re8 Rxc4 42. Re7+ Kb6 43. a5+ Ka6 44. Rxf7 Re4 45. Rd7 Rxe5 46. Rd1 Rf5 47. Rf1 Rxf6 48. Rxf6 Kxa5 49. Rxe6 c4 50. Kf2 1-0